 Dungeon Crawl Stone Soup version 0.21-a0-578-gc6e9d75 (webtiles) character file.

679 Lanoc the Charmwright (level 7, 0/52 HPs)
             Began as a Demonspawn Skald on Dec 18, 2017.
             Was an Initiate of Wu Jian.
             Slain by a sky beast (2 damage)
             ... on level 6 of the Dungeon.
             The game lasted 00:16:29 (4997 turns).

Lanoc the Charmwright (Demonspawn Skald)            Turns: 4997, Time: 00:16:30

Health: 0/52       AC:  3    Str: 11    XL:     7   Next: 34%
Magic:  4/10       EV: 12    Int: 17    God:    Wu Jian [......]
Gold:   132        SH:  0    Dex: 12    Spells: 4/12 levels left

rFire    + . .     SeeInvis .     - Unarmed
rCold    + + .     Gourm    .   (no shield)
rNeg     . . .     Faith    .   a - +0 leather armour
rPois    +         Spirit   .   (helmet restricted)
rElec    +         Reflect  .   (no cloak)
rCorr    +         Harm     .   (no gloves)
MR       .....                  (no boots)
Stlth    +.........             (no amulet)
HPRegen  0.17/turn              (no ring)
MPRegen  0.12/turn              (no ring)

@: resistant, very slightly contaminated, invisible
A: antennae 1, claws 1, hooves 1, cold resistance 1, low mp 1, powered by death
1, evolution 1
a: Renounce Religion


You were on level 6 of the Dungeon.
You worshipped Wu Jian.
Wu Jian was noncommittal.
You were not hungry.

You visited 2 branches of the dungeon, and saw 7 of its levels.

You collected 132 gold pieces.

Inventory:

Armour
 a - a +0 leather armour (worn)
Wands
 d - a wand of polymorph (14)
Scrolls
 g - a scroll of remove curse {unknown}
 h - 6 scrolls of fear
 i - a scroll of enchant weapon {unknown}
 j - a scroll of immolation {unknown}
 k - 4 scrolls of identify {unknown}
 l - 4 scrolls of teleportation {unknown}
Potions
 m - a potion of ambrosia {unknown}
 n - a potion of invisibility
 o - a potion of brilliance {unknown}
 p - a potion of flight {unknown}
Books
 b - a book of Battle

   Spells                             Type                      Level
   a - Infusion                       Charms                       1
   b - Shroud of Golubria             Charms/Translocation         2
   c - Song of Slaying                Charms                       2
   d - Spectral Weapon                Hexes/Charms                 3
   e - Regeneration                   Charms/Necromancy            3
Comestibles
 c - 6 rations
 f - a chunk of flesh


   Skills:
 + Level 3.2 Fighting
 + Level 2.5 Armour
 + Level 3.1 Dodging
 * Level 4.0 Unarmed Combat
 + Level 3.1 Spellcasting
 * Level 4.6 Charms


You had 4 spell levels left.
You knew the following spells:

 Your Spells              Type           Power        Failure   Level  Hunger
a - Infusion              Chrm           ###.         3%          1    None
b - Song of Slaying       Chrm           ###.....     4%          2    ##.....
c - Shroud of Golubria    Chrm/Tloc      ##........   13%         2    ##.....
d - Regeneration          Chrm/Necr      ##........   26%         3    ###....


Dungeon Overview and Level Annotations

Branches:
Dungeon (6/15)             Temple (1/1) D:4

Altars:
Ashenzari
Cheibriados
Dithmenos
Elyvilon
Fedhas
Gozag
Kikubaaqudgha
Makhleb
Okawaru
Qazlal
Trog
Uskayaw
Vehumet
Wu Jian
Xom
Yredelemnul
Zin

Shops:
D:4 (

Annotations:
D:3 2 transporters, Salmacis's ghost, amateur FoFi


Innate Abilities, Weirdness & Mutations

You have a pair of small antennae on your head.
You have sharp fingernails.
You have large cloven feet.
Your flesh is cold resistant. (rC+)
You regenerate a little health from kills.
Your magical capacity is low. (-10% MP)
You evolve.


Message History

You scratch the sky beast. Your kick misses the sky beast.
The sky beast is almost dead.
The sky beast barely misses you.
You closely miss the sky beast.
The sky beast is almost dead.
The sky beast hits you.
* * * LOW HITPOINT WARNING * * *
The sky beast shocks you. You resist.
* * * LOW HITPOINT WARNING * * *
You scratch the sky beast. Your kick misses the sky beast.
The sky beast is almost dead.
The sky beast barely misses you.
You barely miss the sky beast.
The sky beast is almost dead.
The sky beast flickers out of sight!
Deactivating autopickup; reactivate with Ctrl-A.
Something hits you.
* * * LOW HITPOINT WARNING * * *
Something shocks you. You resist.
You die...

### #.. #.#
#.# ### #.#
..# #@# .
#.##{### #.
#.#.?ยง####>.
#.
#...[......
..
#.#...####..
####.#.##..##
..)...##...#
##..<...#
####)###


There were no monsters in sight!

Vanquished Creatures
  Sigmund (D:3)
  A bullfrog (D:4)
  A crimson imp (D:4)
  2 orc wizards
  2 orc priests
  A hound (D:4)
  Jessica (D:3)
  3 worker ants
  A killer bee zombie (D:5)
  3 adders
  A shadow imp (D:5)
  An ooze (D:4)
  An adder skeleton (D:4)
  5 worms
  3 dart slugs
  2 leopard geckos (D:3)
  11 orcs
  2 ball pythons
  4 giant cockroaches
  8 goblins
  7 hobgoblins
  10 jackals
  2 quokkas (D:4)
  3 bats (D:1)
  4 frilled lizards
  7 kobolds
  6 rats
93 creatures vanquished.

Vanquished Creatures (others)
  An orc (D:4)
1 creature vanquished.

Grand Total: 94 creatures vanquished

Notes
Turn   | Place    | Note
-------+----------+-------------------------------------------
     0 | D:1      | Lanoc the Demonspawn Skald began the quest for the Orb.
     0 | D:1      | Reached XP level 1. HP: 16/16 MP: 3/3
    10 | D:1      | Noticed a centaur
   270 | D:1      | Reached skill level 1 in Armour
   537 | D:1      | Gained mutation: Your flesh is cold resistant. (rC+) [demonic ancestry]
   537 | D:1      | Reached XP level 2. HP: 20/22 MP: 0/5
  1123 | D:1      | Learned a level 2 spell: Song of Slaying
  1348 | D:2      | Gained mutation: You have large cloven feet. [demonic ancestry]
  1348 | D:2      | Reached XP level 3. HP: 27/27 MP: 3/6
  1478 | D:2      | Learned a level 2 spell: Shroud of Golubria
  2018 | D:2      | Gained mutation: You have sharp fingernails. [demonic ancestry]
  2018 | D:2      | Reached XP level 4. HP: 22/34 MP: 1/7
  2673 | D:3      | Noticed Salmacis's ghost (amateur FoFi)
  2755 | D:3      | Noticed Jessica
  2765 | D:3      | Killed Jessica
  2776 | D:3      | Reached XP level 5. HP: 20/39 MP: 0/8
  2781 | D:3      | Found a transporter.
  2982 | D:3      | Found a transporter.
  3035 | D:3      | Found a stormy altar of Qazlal.
  3102 | D:3      | Learned a level 3 spell: Regeneration
  3206 | D:3      | Noticed Sigmund
  3216 | D:3      | Gained mutation: Your magical capacity is low. (-10% MP) [potion of mutation]
  3216 | D:3      | Gained mutation: You evolve. [potion of mutation]
  3439 | D:3      | Killed Sigmund
  3439 | D:3      | Gained mutation: You regenerate a little health from kills. [demonic ancestry]
  3439 | D:3      | Reached XP level 6. HP: 25/46 MP: 0/9
  3496 | D:3      | Found an ornate altar of the Wu Jian Council.
  4021 | D:3      | HP: 2/47 [poisoned by a worker ant]
  4412 | D:4      | Gained mutation: You have a pair of small antennae on your head. [demonic ancestry]
  4412 | D:4      | Reached XP level 7. HP: 48/52 MP: 7/10
  4424 | D:4      | Found a shimmering altar of Xom.
  4592 | D:4      | Found Kaqogh's Antique Weapon Shop.
  4609 | D:4      | Found a staircase to the Ecumenical Temple.
  4620 | Temple   | Entered the Ecumenical Temple
  4795 | D:3      | Became a worshipper of the Wu Jian Council
  4884 | D:4      | You fall through a shaft!
  4884 | D:5      | Entered Level 5 of the Dungeon
  4946 | D:5      | Found a blossoming altar of Fedhas.
  4997 | D:6      | HP: 2/52 [something (2)]
  4997 | D:6      | Slain by a sky beast

Vault maps used:
D:1:      evilmike_arrival_come_back, minivault_24
D:2:      bh_chokoban, minmay_tromino_i4
D:3:      gammafunk_steamed_eel, lemuel_doored_altar, first_ration,
          grunt_qazlal_sundering, uniq_sigmund, uniq_jessica
D:4:      xom_confusion_cloud, minmay_temple_entry_hall, serial_shops, shop
D:5:      lemuel_coloured_pillars_altar, nicolae_overflow_hidden_temple
D:6:      gammafunk_temple_overflow_elements, portal_sewer_entry_b
Temple:   jpeg_temple_clearing

Skill      XL: |  1  2  3  4  5  6  7 |
---------------+----------------------+-----
Armour         | 1 2 |  2.5
Unarmed Combat | 2 3 4 |  4.0
Charms         | 3 4 |  4.6
Dodging        | 2 3 |  3.1
Fighting       | 3 |  3.2
Spellcasting   | 3 |  3.1

Action                   |  1- 3 |  4- 6 |  7- 9 || total
-------------------------+-------+-------+-------++-------
Melee: Unarmed           |   161 |   124 |    67 ||   352
       Punch             |     2 |     4 |       ||     6
       Kick              |    11 |    32 |    10 ||    53
 Cast: Infusion          |    20 |    16 |     4 ||    40
       Song of Slaying   |     1 |     2 |     1 ||     4
       Shroud of Golubri |       |     1 |       ||     1
       Regeneration      |       |     1 |       ||     1
Invok: Lunge             |       |       |     2 ||     2
Evoke: Wand              |       |       |     1 ||     1
  Use: Potion            |       |     4 |     2 ||     6
       Scroll            |       |     2 |       ||     2
  Eat: Chunk             |     4 |     8 |     2 ||    14
Armor: Leather armour    |    52 |     8 |     9 ||    69
       Skin              |       |     1 |       ||     1
Dodge: Dodged            |   107 |    60 |    37 ||   204

Table legend:
 A = Spawn XP
 B = Non-spawn XP
 C = Spawn XP percentage of total XP
 D = Spawn monster count
 E = Non-spawn monster count
 F = Spawn count percentage of total count
 G = Total turns spent on level
                    A         B        C        D         E        F      G
               +---------+---------+-------+---------+---------+-------+---------
         Total |       0 |     971 |   0.0 |       0 |      93 |   0.0 |  4997
               +---------+---------+-------+---------+---------+-------+---------
           D:1 |       0 |      39 |   0.0 |       0 |      23 |   0.0 |  1344
           D:2 |       0 |      64 |   0.0 |       0 |      19 |   0.0 |  1533
           D:3 |       0 |     417 |   0.0 |       0 |      22 |   0.0 |  1106
           D:4 |       0 |     328 |   0.0 |       0 |      19 |   0.0 |   780
           D:5 |       0 |      75 |   0.0 |       0 |       4 |   0.0 |    66
           D:6 |       0 |      48 |   0.0 |       0 |       6 |   0.0 |    47
               +---------+---------+-------+---------+---------+-------+---------
